 Dungeon Crawl Stone Soup version 0.28-a0-1032-ga8db75c868 (webtiles) character file.

Game seed: 2979086898695349257

604309 Conn the Ruinous (level 27, -16/156 HPs)
             Began as an Octopode Fire Elementalist on Dec 5, 2021.
             Was the Champion of Sif Muna.
             Demolished by a death scarab (25 damage)
             ... on level 2 of the Tomb of the Ancients on Dec 7, 2021.
             The game lasted 07:23:17 (94313 turns).

Conn the Ruinous (Octopode Fire Elementalist)      Turns: 94313, Time: 07:23:21

Health: -16/156    AC: 15    Str: 15    XL:     27
Magic:  1/44       EV: 17    Int: 60    God:    Sif Muna [******]
Gold:   6733       SH: 15    Dex: 18    Spells: 8/71 levels left

rFire   + + +      SeeInvis +   g - staff of fire
rCold   + + .      Faith    .   k - +3 buckler {rC+}
rNeg    + + .      Spirit   .   t - +2 hat of the Known World {rF- Int+6}
rPois   .          Reflect  +   S - amulet "Ehauzeca" {Reflect rElec rN+ Str+4 SH+5}
rElec   +          Harm     .   e - ring of Posiuh {rF++ rC+ Int+3 Dex+2}
rCorr   +          Rampage  .   a - ring "Etomilif" {*Slow AC+4 Int+7}
Will    ++...                   n - ring "Jeskaemi" {+Blink rCorr Int+7 Dex+3}
Stlth   ++++++....              v - +4 ring of protection
HPRegen 0.36/turn               b - ring "Konuutun" {Wiz *Slow Str+3 Int+4}
MPRegen 0.29/turn               I - ring of Nafajal {rN+ AC+4 Int+3 Dex-2}
                                c - ring of fire
                                p - ring of see invisible

@: marked, hasted and slowed, studying 2 skills
A: almost no armour, amphibious, 8 rings, camouflage 1, gelatinous body 1,
(nimble swimmer 1), tentacles, beak, clever 1, cold resistance 1, low mp 1,
mutation resistance 1, MP-powered wands
}: 4/15 runes: decaying, slimy, silver, gossamer
a: Renounce Religion, Evoke Blink, Channel Magic, Forget Spell, Divine Exegesis


You were on level 2 of the Tomb of the Ancients.
You worshipped Sif Muna.
Sif Muna was exalted by your worship.
You visited 11 branches of the dungeon, and saw 53 of its levels.
You visited the Abyss 1 time.
You also visited: Trove and Ossuary.

You collected 11409 gold pieces.
You spent 4676 gold pieces at shops.

Inventory:

Hand Weapons
 H - the +6 quarterstaff of the Philosopher {venom, Dex+2 SInv}
   (You found it on level 3 of the Spider Nest)

   It poisons the flesh of those it strikes.
   Dex:       It affects your dexterity (+2).
   SInv:      It lets you see invisible.
Missiles
 P - 28 curare-tipped darts (quivered)
Armour
 d - the +10 tower shield of Ignorance {rN+ Int-4}
   (You found it on level 5 of the Lair of Beasts)

   Int:       It affects your intelligence (-4).
   rN:        It protects you from negative energy.
 k - a +3 buckler of cold resistance (worn)
 t - the +2 hat of the Known World (worn) {rF- Int+6}
   (You acquired it on level 2 of the Depths)

   Int:       It affects your intelligence (+6).
   rF:        It makes you vulnerable to fire.
 X - the +2 hat of a bazaar {Will+ rCorr}
   (You found it in a treasure trove)

   rCorr:     It protects you from acid and corrosion.
   Will:      It increases your willpower.
Magical Staves
 f - a staff of conjuration
 g - a staff of fire (weapon)
Jewellery
 a - the ring "Etomilif" (right tentacle) {*Slow AC+4 Int+7}
   (You bought it in a shop on level 2 of the Orcish Mines)

   [ring of protection]

   AC:        It affects your AC (+4).
   Int:       It affects your intelligence (+7).
   *Slow:     It may slow you when you take damage.
 b - the ring "Konuutun" (on tentacle) {Wiz *Slow Str+3 Int+4}
   (You found it on level 3 of the Elven Halls)

   [ring of wizardry]

   It improves your spell success rate.
   Str:       It affects your strength (+3).
   Int:       It affects your intelligence (+4).
   *Slow:     It may slow you when you take damage.
 c - a ring of fire (on tentacle)
 e - the ring of Posiuh (left tentacle) {rF++ rC+ Int+3 Dex+2}
   (You bought it in a shop on level 2 of the Orcish Mines)

   [ring of protection from cold]

   Int:       It affects your intelligence (+3).
   Dex:       It affects your dexterity (+2).
   rF:        It greatly protects you from fire.
   rC:        It protects you from cold.
 n - the ring "Jeskaemi" (on tentacle) {+Blink rCorr Int+7 Dex+3}
   (You took it off a deep elf death mage on level 3 of the Elven Halls)

   [ring of resist corrosion]

   Int:       It affects your intelligence (+7).
   Dex:       It affects your dexterity (+3).
   +Blink:    It lets you blink.
   rCorr:     It protects you from acid and corrosion.
 p - a ring of see invisible (on tentacle)
 r - the ring of Wonder {Int+6 Dex+2}
   (You found it in a treasure trove)

   [ring of intelligence]

   Int:       It affects your intelligence (+6).
   Dex:       It affects your dexterity (+2).
 v - a +4 ring of protection (on tentacle)
 z - a +6 ring of intelligence
 D - a ring of willpower
 I - the ring of Nafajal (on tentacle) {rN+ AC+4 Int+3 Dex-2}
   (You took it off an orc warrior on level 3 of the Elven Halls)

   [ring of protection]

   AC:        It affects your AC (+4).
   Int:       It affects your intelligence (+3).
   Dex:       It affects your dexterity (-2).
   rN:        It protects you from negative energy.
 K - a +4 ring of evasion
 M - a ring of magical power
 S - the amulet "Ehauzeca" (around mantle) {Reflect rElec rN+ Str+4 SH+5}
   (You found it on level 5 of the Pits of Slime)

   [amulet of reflection]

   It reflects blocked missile attacks.
   Str:       It affects your strength (+4).
   rElec:     It insulates you from electricity.
   rN:        It protects you from negative energy.
   SH:        It affects your SH (+5).
 T - the amulet of Joyfo {Acrobat rPois rC+}
   (You took it off a deep elf pyromancer on level 3 of the Elven Halls)

   [amulet of the acrobat]

   It increases your evasion while moving and waiting.
   rC:        It protects you from cold.
   rPois:     It protects you from poison.
 U - a +6 ring of intelligence
 V - the ring "Sutz" {Fly rCorr Int+2 Stlth+}
   (You found it in a treasure trove)

   [ring of flight]

   Int:       It affects your intelligence (+2).
   Fly:       It grants you flight.
   rCorr:     It protects you from acid and corrosion.
   Stlth:     It makes you more stealthy.
 W - the ring "Noifoj" {Fly rElec Will+ rCorr Stlth-}
   (You took it off a vault guard on level 5 of the Vaults)

   [ring of flight]

   rElec:     It insulates you from electricity.
   Fly:       It grants you flight.
   rCorr:     It protects you from acid and corrosion.
   Will:      It increases your willpower.
   Stlth:     It makes you less stealthy.
 Z - a ring of poison resistance
Wands
 x - a wand of charming (6)
 C - a wand of iceblast (61)
 J - a wand of acid (7)
 R - a wand of paralysis (18)
 Y - a wand of digging (9)
Scrolls
 i - 21 scrolls of teleportation
 l - 3 scrolls of fog
 q - 27 scrolls of identify
 w - 3 scrolls of amnesia
 E - 2 scrolls of summoning
 L - 5 scrolls of immolation
 O - 12 scrolls of magic mapping
Potions
 h - 4 potions of berserk rage
 j - 9 potions of brilliance
 m - 5 potions of might
 o - 3 potions of magic
 u - 9 potions of ambrosia
 A - 3 potions of mutation
 B - 6 potions of cancellation
 F - 18 potions of curing
 G - 7 potions of heal wounds
 N - 6 potions of haste


   Skills:
 + Level 5.5 Fighting
 + Level 4.7 Short Blades
 + Level 3.0 Staves
 - Level 5.0 Throwing
 + Level 7.5 Dodging
 + Level 10.3 Stealth
 * Level 11.8 Shields
 + Level 22.8 Spellcasting
 + Level 24.7 Conjurations
 + Level 4.5 Hexes
 + Level 11.1 Translocations
 + Level 0.5 Transmutations
 + Level 23.0 Fire Magic
 * Level 10.7 Ice Magic
 + Level 2.0 Air Magic
 + Level 9.0 Earth Magic
 + Level 2.6 Poison Magic
 + Level 8.6 Invocations
 + Level 1.5 Evocations


You had 8 spell levels left.
You knew the following spells:

 Your Spells              Type           Power      Damage    Failure   Level
a - Foxfire               Conj/Fire      100%       2x1d9     0%          1
b - Starburst             Conj/Fire      100%       6d25      0%          6
c - Disjunction           Tloc           58%        N/A       3%          8
d - Fire Storm            Conj/Fire      100%       8d25      1%          9
f - Fireball              Conj/Fire      100%       3d36      0%          5
g - Hailstorm             Conj/Ice       100%       3d20      0%          4
h - Iskenderun's Mystic   Conj/Tloc      100%       2d19      0%          4
i - Ignition              Fire           100%       3d25      1%          8
j - Mephitic Cloud        Conj/Pois/Air  100%       N/A       0%          3
k - Blink                 Tloc           100%       N/A       0%          2
l - Orb of Destruction    Conj           76%        9d19      0%          7
m - Iron Shot             Conj/Erth      67%        9d12      0%          6

Your spell library contained the following spells:

 Spells                   Type           Power      Damage    Failure   Level
 Apportation              Tloc           100%       N/A       0%          1
 Freeze                   Ice            100%       1d11      0%          1
 Magic Dart               Conj           100%       1d8       0%          1
 Sandblast                Erth           100%       2d20      0%          1
 Shock                    Conj/Air       100%       1d9       0%          1
 Slow                     Hex            100%       N/A       0%          1
 Ensorcelled Hibernation  Hex/Ice        100%       N/A       0%          2
 Scorch                   Fire           100%       2d10      0%          2
 Searing Ray              Conj           100%       2d8       0%          2
 Static Discharge         Conj/Air       100%       N/A       0%          2
 Conjure Flame            Conj/Fire      100%       6-21      0%          3
 Dazzling Flash           Conj/Hex       100%       N/A       0%          3
 Frozen Ramparts          Ice            100%       1d12      0%          3
 Gell's Gravitas          Tloc           100%       N/A       0%          3
 Ignite Poison            Fire/Tmut/Pois 100%       N/A       0%          3
 Inner Flame              Hex/Fire       100%       N/A       0%          3
 Lesser Beckoning         Tloc           100%       N/A       0%          3
 Ozocubu's Armour         Ice            100%       N/A       0%          3
 Portal Projectile        Hex/Tloc       100%       N/A       0%          3
 Stone Arrow              Conj/Erth      100%       3d13      0%          3
 Teleport Other           Tloc           100%       N/A       0%          3
 Flame Wave               Conj/Fire      100%       2d14      0%          4
 Fulminant Prism          Conj/Hex       63%        3d27      0%          4
 Passage of Golubria      Tloc           100%       N/A       0%          4
 Sticky Flame             Conj/Fire      100%       2d11      0%          4
 Freezing Cloud           Conj/Ice/Air   60%        6-21      0%          5
 Irradiate                Conj/Tmut      60%        3d33      0%          5
 Iskenderun's Battlesphe  Conj           100%       2d15      0%          5
 Lightning Bolt           Conj/Air       62%        1d85      0%          5
 Animate Skeleton         Necr           100%       N/A       1%          1
 Beastly Appendage        Tmut           100%       N/A       1%          1
 Pain                     Necr           100%       1d9       1%          1
 Sting                    Tmut/Pois      100%       1d8       1%          1
 Summon Small Mammal      Summ           100%       N/A       1%          1
 Call Imp                 Summ           62%        N/A       1%          2
 Corpse Rot               Necr/Air       100%       N/A       1%          2
 Passwall                 Tmut/Erth      75%        N/A       1%          2
 Poisonous Vapours        Pois/Air       100%       N/A       1%          2
 Sublimation of Blood     Necr           62%        N/A       1%          2
 Wereblood                Tmut           65%        N/A       1%          2
 Call Canine Familiar     Summ           62%        N/A       1%          3
 Confusing Touch          Hex            89%        N/A       1%          3
 Spider Form              Tmut/Pois      72%        N/A       1%          3
 Summon Guardian Golem    Hex/Summ       77%        N/A       1%          3
 Swiftness                Air            75%        N/A       1%          3
 Tukima's Dance           Hex            89%        N/A       1%          3
 Vampiric Draining        Necr           62%        2d10      1%          3
 Airstrike                Air            37%        N/A       1%          4
 Animate Dead             Necr           31%        N/A       1%          4
 Cause Fear               Hex            44%        N/A       1%          4
 Dispel Undead            Necr           62%        3d22      1%          4
 Ice Form                 Ice/Tmut       94%        N/A       1%          4
 Leda's Liquefaction      Hex/Erth       50%        N/A       1%          4
 Olgreb's Toxic Radiance  Pois           79%        N/A       1%          4
 Petrify                  Tmut/Erth      90%        N/A       1%          4
 Summon Ice Beast         Ice/Summ       93%        N/A       1%          4
 Summon Lightning Spire   Summ/Air       69%        N/A       1%          4
 Agony                    Necr           62%        N/A       1%          5
 Alistair's Intoxication  Tmut/Pois      48%        N/A       1%          5
 Blade Hands              Tmut           32%        N/A       1%          5
 Borgnjor's Vile Clutch   Necr/Erth      44%        N/A       1%          5
 Excruciating Wounds      Necr           31%        N/A       1%          5
 Lee's Rapid Deconstruct  Erth           54%        3d26*     1%          5
 Manifold Assault         Tloc           100%       N/A       1%          5
 Metabolic Englaciation   Hex/Ice        51%        N/A       1%          5
 Silence                  Hex/Air        41%        N/A       1%          5
 Summon Forest            Summ/Tloc      47%        N/A       1%          5
 Summon Mana Viper        Hex/Summ       77%        N/A       1%          5
 Yara's Violent Unravell  Hex/Tmut       39%        3d16      1%          5
 Conjure Ball Lightning   Conj/Air       62%        3x3d22    1%          6
 Dispersal                Tloc           58%        N/A       1%          6
 Simulacrum               Ice/Necr       46%        N/A       1%          6
 Statue Form              Tmut/Erth      60%        N/A       1%          6
 Ozocubu's Refrigeration  Ice            57%        4d16      1%          7
 Spellforged Servitor     Conj/Summ      60%        N/A       1%          7
 Lehudib's Crystal Spear  Conj/Erth      67%        10d15     1%          8
 Eringya's Noxious Bog    Tmut/Pois      36%        N/A       4%          6
 Malign Gateway           Summ/Tloc      47%        N/A       4%          7
 Death Channel            Necr           31%        N/A       8%          6
 Summon Cactus Giant      Summ           31%        N/A       8%          6
 Storm Form               Tmut/Air       35%        N/A       24%         7
 Dragon Form              Tmut           32%        N/A       32%         7
 Haunt                    Necr/Summ      31%        N/A       38%         7
 Monstrous Menagerie      Summ           31%        N/A       38%         7
 Summon Hydra             Summ           31%        N/A       38%         7
 Discord                  Hex            44%        N/A       43%         8
 Maxwell's Capacitive Co  Air            37%        ∞         77%         8
 Necromutation            Tmut/Necr      32%        N/A       94%         8
 Borgnjor's Revivificati  Necr           31%        N/A       95%         8
 Infestation              Necr           31%        N/A       95%         8
 Summon Horrible Things   Summ           31%        N/A       95%         8
 Chain Lightning          Conj/Air       62%        3d82      21%         9
 Polar Vortex             Ice            57%        N/A       50%         9
 Shatter                  Erth           54%        3d41*     71%         9
 Death's Door             Necr           31%        N/A       100%        9
 Dragon's Call            Summ           31%        N/A       100%        9


Dungeon Overview and Level Annotations

Branches:
Dungeon (15/15)            Temple (0/1) D:7            Lair (6/6) D:11
  Swamp (4/4) Lair:3       Spider (4/4) Lair:3        Slime (5/5) Lair:5
    Orc (2/2) D:10            Elf (3/3) Orc:2        Vaults (5/5) D:14
  Crypt (3/3) Vaults:2       Tomb (2/3) Crypt:3      Depths (4/4) D:15
    Zot (0/5) Depths:4    Ossuary (visited)

Altars:
Ashenzari
Elyvilon
Fedhas
Gozag
Makhleb
Okawaru
Qazlal
Sif Muna
Wu Jian
Xom
Yredelemnul
Jiyva
Lugonu

Shops:
D:4 **   D:6 ?:([   Orc:2 =*(*   Vaults:1 (   Vaults:3 (   Vaults:4 (
Depths:1 (   Depths:4 !!

Portals:
Hell: Depths:1 Depths:2 Depths:3 Depths:4
Abyss: Lair:6 Depths:2 Depths:3 Depths:4
Pandemonium: Depths:2
Ziggurat: Depths:4

Annotations:
D:14 1 runed translucent door
Lair:1 2 transporters, Zuwoupta's ghost, journeyman HuAr


Innate Abilities, Weirdness & Mutations

You cannot wear most types of armour.
You are amphibious.
You can wear up to eight rings at the same time.
Your skin changes colour to match your surroundings (Stealth+).
Your rubbery body absorbs attacks. (AC +1, EV +1)
((You are camouflaged near water. (Stealth+)))
You have tentacles for arms and can constrict up to eight enemies at once.
You have a beak for a mouth.
Your mind is acute. (Int +2)
Your flesh is cold resistant. (rC+)
Your magical capacity is low. (-10% MP)
You are somewhat resistant to further mutation.
You expend magic power (3 MP) to strengthen your wands.


Message History

Okay, then.
Unknown command.
Unknown command.
Unknown command.
Press: ? - help, v - describe, . - travel
Here: a death scarab (heavily damaged)
The floor.
Unknown command.
Okay, then.
Unknown command.
Okay, then.
Unknown command.
Aiming: Paralyse
Press: ? - help, Shift-Dir - straight line, f - death scarab
Aim: a death scarab (heavily damaged, chance to affect: 19%)
Okay, then.
Unknown command.
Unknown command.
Okay, then.
Unknown command.
Unknown command.
As you read the scroll of fear, it crumbles to dust.
You assume a fearsome visage.
The royal mummy is unaffected. x2
The death scarab is unaffected.
The mummy priest is unaffected.
The royal mummy is unaffected. x2; The anaconda skeleton is unaffected.
The death scarab is unaffected. x2
The spriggan defender zombie is unaffected.
The death scarab is unaffected.
The ice devil looks frightened!
The red devil looks frightened!
The death scarab is unaffected. x3
The chaos spawn looks frightened!
The death scarab is unaffected. x4
The death scarab is engulfed in blazing flames.
The death scarab bites your mummy.
The death scarab drains your mummy's vigour!
Your mummy seems to slow down.
The death scarab is engulfed in blazing flames.
The death scarab bites your fire vortex!
The death scarab drains your fire vortex's vigour!
Your fire vortex seems to slow down.
You block the death scarab's attack. The death scarab bites you!!
You die...

.......°MBB
#M....vv○B#
.##..vv.zBB○##°
....BBv..vv○○☼○
^...†.....zvvv°
.......†..°.v.○
4...4°B..zzv.v.
$M†4..Z@Bzz.§§.
.....MMB.......
.....).BM..v...
..v........M...
......BZ.......
.##.........##.
#.M.......#
.....v.....


You could see 4 royal mummies, a mummy priest (dazed), an ice devil (summoned,
fleeing, dazed), a chaos spawn (summoned, fleeing), 12 death scarabs, a red
devil (summoned, fleeing), a spriggan defender zombie (dazed, ally target), an
anaconda skeleton (ally target), 16 friendly fire vortices, 6 friendly flying
skulls and 3 friendly mummies.

Vanquished Creatures
  the Royal Jelly (Slime:5)
  3 dread liches (Vaults:5)
  An ancient lich (Crypt:3)
  Sojobo (Crypt:3)
  3 royal mummies
  Bai Suzhen (Depths:1)
  Margery (Vaults:4)
  Frederick (Depths:3)
  Saint Roka (Vaults:4)
  3 golden dragons
  2 bone dragons
  Jory (Tomb:1)
  A profane servitor (Crypt:3)
  Arachne (Spider:2)
  The ghost of Dwachs the Slayer, an adept KoBe of Trog (Elf:3)
  The ghost of Yhininesh the Blocker, an adept GnFi of Cheibriados (Depths:2)
  Jorgrun (Spider:1)
  A walking earthen tome (Depths:2)
  5 tentacled monstrosities
  Rupert (Orc:2)
  2 deep elf blademasters (Elf:3)
  7 liches
  2 deep elf master archers (Elf:3)
  21 acid blobs
  A walking frostbound tome (Depths:3)
  4 quicksilver dragons
  8 titans
  2 walking divine tomes (Depths:3)
  3 ancient champions
  19 sphinxes
  A tentacled starspawn (Abyss:2)
  Roxanne (Spider:2)
  2 storm dragons
  Donald (Spider:1)
  12 tengu reavers
  A thorn hunter (Swamp:3)
  The ghost of Gargoyl the Warrior, an adept GnAK of Lugonu (D:14)
  5 shadow dragons
  4 revenants
  13 rockslimes
  10 azure jellies
  A draconian scorcher (Depths:4)
  A draconian monk (Depths:4)
  6 frost giants
  8 fire giants
  5 deep elf sorcerers
  4 iron dragons
  Aizul (Swamp:2)
  14 vault wardens
  6 emperor scorpions (Spider:4)
  A ghost moth (Spider:4)
  A balrug (Depths:2)
  Louise (Spider:2)
  12 ghouls
  4 deep elf elementalists (Elf:3)
  2 curse skulls
  3 orc warlords
  The ghost of Wobius the Thaumaturge, a journeyman DgAE (Orc:1)
  3 war gargoyles
  21 ironbound preservers
  3 spriggan defenders
  19 very ugly things
  9 quicksilver oozes
  7 vampire knights
  8 stone giants
  6 deep elf demonologists
  Nessos (D:14)
  A green draconian (Depths:4)
  2 white draconians (Depths:4)
  5 eleionomae
  9 entropy weavers
  10 deep elf annihilators
  A purple draconian (Depths:4)
  2 lorocyprocas (Depths:2)
  6 bunyips
  18 dire elephants
  A spark wasp (Spider:2)
  Azrael (Spider:1)
  A red draconian (Depths:4)
  2 eidola (Crypt:1)
  9 deep elf death magi
  6 mummy priests
  18 jiangshi
  2 crystal guardians
  16 ettins
  A spectral fenstrider witch (Crypt:3)
  14 yaktaur captains
  A quicksilver dragon zombie (Abyss:2)
  A shambling mangrove (Swamp:4)
  7 fire dragons
  6 rakshasas
  5 ironbound thunderhulks
  4 deep elf high priests
  12 great orbs of eyes
  32 vault guards
  Fannar (D:10)
  3 hell beasts
  A fenstrider witch zombie (Crypt:2)
  2 ghost crabs
  2 ogre magi
  7 boulder beetles
  8 ice dragons
  10 hydras
  2 peacekeepers (Vaults:3)
  A spriggan air mage (Depths:1)
  12 ironbound frosthearts
  5 centaur warriors
  9 two-headed ogres
  7 alligators
  10 death knights
  22 death scarabs
  25 dancing weapons
  4 vampire magi
  A tengu warrior (Depths:3)
  12 deep troll shamans
  10 orc high priests
  8 deep troll earth magi
  2 spriggan berserkers (Depths:4)
  2 soul eaters
  26 deep elf knights
  8 thrashing horrors
  14 hell knights
  41 skeletal warriors
  A storm dragon zombie (Crypt:2)
  Sonja (Lair:6)
  8 iron trolls
  A fire crab (shapeshifter) (D:13)
  A wretched star (Abyss:2)
  4 shadow wraiths (Crypt:3)
  A sixfirhy (Abyss:2)
  11 flayed ghosts
  4 goliath frogs
  A quicksilver dragon simulacrum (Depths:3)
  A golden dragon zombie (Crypt:3)
  65 deep trolls
  A spriggan druid (Swamp:4)
  3 glowing orange brains
  3 starcursed masses (Abyss:2)
  11 bog bodies
  A shadow demon (Depths:2)
  9 necromancers
  9 wizards
  6 lindwurms
  37 deep elf zephyrmancers
  14 deep elf archers
  29 deep elf pyromancers
  15 phantasmal warriors
  A swamp dragon (Swamp:1)
  Pikel (D:7)
  17 orc knights
  16 ironbound convokers
  51 ugly things
  A wolf spider (shapeshifter) (Vaults:5)
  6 oklob plants
  16 orb spiders
  A mana viper (shapeshifter) (Lair:6)
  5 orc sorcerers
  2 salamanders (Depths:1)
  A human zombie (Vaults:1)
  3 moths of wrath
  30 wolf spiders
  3 manticores
  4 cyclopes
  5 will-o-the-wisps
  17 vault sentinels
  3 eyes of devastation
  6 elephants (Lair:6)
  7 black mambas
  An apocalypse crab (Abyss:2)
  A rust devil (Depths:2)
  A titan simulacrum (Abyss:2)
  2 spriggan skeletons
  12 cane toads
  2 gargoyles
  Joseph (D:7)
  3 unseen horrors
  An eye of devastation (shapeshifter) (Depths:2)
  A centaur skeleton (Tomb:1)
  2 smoke demons (Abyss:2)
  4 kobold demonologists
  A storm dragon simulacrum (Vaults:4)
  13 freezing wraiths
  An efreet (D:15)
  14 guardian mummies
  A human skeleton (Vaults:1)
  12 komodo dragons
  17 yaktaurs
  7 demonic crawlers
  3 tengu conjurers
  6 rime drakes
  A tormentor (Abyss:2)
  A catoblepas skeleton (Crypt:2)
  2 sea snake skeletons
  3 ancient zymes
  32 jumping spiders
  7 trolls
  2 trolls (shapeshifter)
  5 hornets
  3 polar bears
  A wind drake (shapeshifter) (Depths:4)
  2 bloated husks
  6 tyrant leeches
  6 raiju (Abyss:2)
  A harpy skeleton (Crypt:3)
  A raiju (shapeshifter) (Vaults:5)
  35 blink frogs
  146 slime creatures
  A blink frog (shapeshifter) (Vaults:5)
  4 large abominations
  2 shadows (Crypt:3)
  67 flying skulls
  24 tarantellas
  2 spriggans
  7 air elementals
  3 ynoxinuls
  15 wraiths
  A vampire (D:14)
  A tarantella (shapeshifter) (Elf:3)
  19 humans (D:14)
  40 yaks
  4 fire bats (D:11)
  7 water elementals
  8 fire elementals
  2 ushabtiu (Tomb:1)
  5 wyverns
  100 redbacks
  A dire elephant simulacrum (Crypt:3)
  12 golden eyes
  4 steam dragons
  8 basilisks
  A black mamba skeleton (Crypt:1)
  4 swamp worm simulacra (Swamp:4)
  6 chaos spawn
  4 neqoxecs
  9 vampire mosquitoes
  6 wargs
  18 swamp worms
  14 two-headed ogre zombies (D:12)
  15 water moccasins
  2 acid dragons (D:9)
  A swamp worm (shapeshifter) (D:14)
  2 hell hounds
  12 hydra simulacra (Swamp:4)
  2 floating eyes
  An ice beast (shapeshifter) (D:15)
  48 orc warriors
  A swamp drake (shapeshifter) (D:14)
  3 swamp drakes
  2 sky beasts
  4 black bears
  5 necrophages
  2 ettin simulacra (Vaults:1)
  11 small abominations
  10 ogres
  12 boggarts
  A snapping turtle skeleton (Crypt:2)
  10 wolves
  10 centaurs
  The ghost of paps the Covert, an amateur OpDe (D:6)
  2 phantoms
  4 kobold brigands
  2 gnoll sergeants
  16 bullfrogs
  4 earth elementals
  A salamander skeleton (Crypt:2)
  A wyvern skeleton (D:7)
  An ogre simulacrum (Vaults:1)
  10 scorpions
  2 wyvern zombies
  2 water moccasin zombies
  2 water moccasin skeletons
  A queen bee zombie (Crypt:1)
  19 wights
  18 killer bees
  A raiju zombie (Crypt:1)
  4 electric eels
  4 howler monkeys
  2 lava snakes (D:11)
  7 centaur zombies
  2 basilisk zombies (Crypt:1)
  44 orc priests
  3 hounds
  An iron imp (Abyss:2)
  4 jellies (Lair:5)
  10 iguanas
  6 scorpion zombies (Ossuary)
  19 orc wizards
  7 polar bear simulacra (Lair:2)
  A wolf simulacrum (Lair:2)
  2 yak simulacra (Lair:2)
  2 ogre zombies
  2 hound skeletons
  2 ogre skeletons
  34 mummies
  13 gnolls
  A howler monkey skeleton (D:7)
  10 adders
  2 white imps (D:8)
  An ufetubus (Abyss:2)
  4 swamp drake simulacra (Swamp:4)
  An adder skeleton (D:4)
  5 worms
  4 dart slugs
  70 orcs
  2 ball pythons
  4 bats
  9 endoplasms
  11 giant cockroaches
  4 gnoll zombies (Ossuary)
  8 hobgoblins
  11 jackals
  3 quokkas
  17 frilled lizards (Lair:4)
  10 goblins
  3 goblin zombies (Ossuary)
  2 hobgoblin zombies
  16 kobolds
  2 kobold zombies (Ossuary)
  2 orc zombies (Ossuary)
  2 quokka zombies (D:8)
  7 rats
  A river rat simulacrum (Lair:2)
  5 bushes (Lair:6)
  6 fire vortices
2572 creatures vanquished.

Vanquished Creatures (collateral kills)
  Mara (Crypt:1)
  A royal mummy (Tomb:1)
  A lich (Crypt:2)
  2 acid blobs (Slime:5)
  A sphinx (Tomb:1)
  A vault warden (Vaults:1)
  A war gargoyle (Vaults:5)
  A jiangshi (Crypt:3)
  A flayed ghost (Depths:3)
  A jumping spider (Spider:4)
  A redback (Spider:1)
  A flying skull (Vaults:2)
  A golden eye (Slime:5)
  A small abomination (Crypt:3)
  A floating eye (shapeshifter) (Depths:3)
  3 boggarts (Vaults:1)
  4 mummies (Tomb:1)
  45 foxfires
68 creatures vanquished.

Vanquished Creatures (others)
  2 eldritch tentacles (Depths:2)
  A fenstrider witch (Swamp:4)
  A very ugly thing (Vaults:2)
  A wolf spider (Spider:1)
  A flying skull (Crypt:3)
  A tarantella (Spider:1)
  A swamp worm (Swamp:4)
  A howler monkey (D:9)
  198 fire vortices
  2982 foxfires
  86 fungi
  117 plants
  2 starspawn tentacles (Abyss:2)
3394 creatures vanquished.

Grand Total: 6034 creatures vanquished

Notes
Turn   | Place    | Note
-------+----------+-------------------------------------------
     0 | D:1      | Conn the Octopode Fire Elementalist began the quest for the
                  | Orb.
     0 | D:1      | Reached XP level 1. HP: 11/11 MP: 3/3
   380 | D:1      | Reached XP level 2. HP: 17/17 MP: 0/5
   613 | D:1      | Reached XP level 3. HP: 20/21 MP: 0/6
  1018 | D:1      | Found a faded altar of an unknown god.
  1263 | D:2      | Reached skill level 1 in Shields
  1263 | D:2      | Reached XP level 4. HP: 27/27 MP: 7/7
  1574 | D:2      | Learned a level 3 spell: Conjure Flame
  1578 | D:2      | Learned a level 3 spell: Inner Flame
  1819 | D:2      | Found a blossoming altar of Fedhas.
  2699 | D:3      | Found a broken altar of Ashenzari.
  2868 | D:3      | Reached XP level 5. HP: 28/31 MP: 4/9
  3937 | D:4      | Found an opulent altar of Gozag.
  4327 | D:4      | Noticed a black bear
  4341 | D:4      | Killed a black bear
  4342 | D:4      | Reached skill level 2 in Conjurations
  4342 | D:4      | Reached XP level 6. HP: 37/37 MP: 0/11
  4449 | D:4      | Found Gaebui's General Store.
  4451 | D:4      | Found Kumicuaq's Specific Store.
  4847 | D:5      | Entered Level 5 of the Dungeon
  4955 | D:5      | Found a stormy altar of Qazlal.
  4996 | D:5      | Reached XP level 7. HP: 42/42 MP: 3/12
  5318 | D:5      | Found a shimmering blue altar of Sif Muna.
  5323 | D:5      | Became a worshipper of Sif Muna the Loreminder
  5402 | D:5      | Reached skill level 3 in Conjurations
  5450 | D:5      | Reached skill level 5 in Fire Magic
  5866 | D:5      | Reached XP level 8. HP: 47/47 MP: 14/14
  5997 | D:6      | Learned a level 4 spell: Flame Wave
  6000 | D:6      | Learned a level 2 spell: Scorch
  6029 | D:6      | Got the Tome of the Sea
  6067 | D:6      | Found a runed translucent gate.
  6068 | D:6      | Noticed paps's ghost (amateur OpDe)
  6070 | D:6      | Found a runed translucent gate.
  6071 | D:6      | Found a runed translucent gate.
  6099 | D:6      | Reached skill level 1 in Short Blades
  6109 | D:6      | Found Joewam's Magic Scroll Boutique.
  6193 | D:6      | Found Rim Puja's Weapon Emporium.
  6327 | D:6      | Found Dost's Book Shoppe.
  6396 | D:6      | Reached skill level 5 in Stealth
  6396 | D:6      | Reached skill level 4 in Conjurations
  6533 | D:6      | Found Becoh's Armour Shoppe.
  6536 | D:6      | Noticed a gargoyle
  6542 | D:6      | Killed a gargoyle
  6543 | D:6      | Reached skill level 1 in Fighting
  6793 | D:6      | Killed paps's ghost
  6869 | D:7      | Reached XP level 9. HP: 53/53 MP: 11/16
  6883 | D:7      | Reached skill level 5 in Spellcasting
  6883 | D:7      | Reached skill level 1 in Invocations
  6959 | D:7      | Reached * piety under Sif Muna
  7001 | D:7      | Found a staircase to the Ecumenical Temple.
  7174 | D:7      | Found a white marble altar of Elyvilon.
  7316 | D:7      | Noticed Pikel
  7334 | D:7      | Killed Pikel
  7335 | D:7      | Reached skill level 5 in Shields
  7400 | D:7      | Noticed Joseph
  7403 | D:7      | Found an ornate altar of the Wu Jian Council.
  7410 | D:7      | Killed Joseph
  7411 | D:7      | Reached skill level 5 in Conjurations
  7421 | D:7      | Reached skill level 1 in Hexes
  8038 | D:7      | Learned a level 5 spell: Fireball
  8565 | D:7      | Reached XP level 10. HP: 14/59 MP: 9/19
  8923 | D:8      | Found a burning altar of Makhleb.
  9041 | D:8      | Found a sand-covered staircase.
  9048 | Ossuary  | Entered an ossuary
  9225 | Ossuary  | Reached ** piety under Sif Muna
  9226 | Ossuary  | Reached skill level 6 in Conjurations
 10012 | D:8      | Found an iron altar of Okawaru.
 10184 | D:9      | Reached skill level 5 in Invocations
 10208 | D:9      | Reached *** piety under Sif Muna
 10574 | D:9      | Learned a level 4 spell: Hailstorm
 10747 | D:9      | Noticed a cyclops
 10747 | D:9      | Noticed a five-headed hydra
 10748 | D:9      | Noticed a two-headed ogre
 10748 | D:9      | Noticed a two-headed ogre
 10781 | D:9      | Reached skill level 1 in Throwing
 10781 | D:9      | Reached skill level 1 in Ice Magic
 10818 | D:9      | Reached XP level 11. HP: 42/63 MP: 4/21
 11178 | D:9      | Reached skill level 7 in Conjurations
 12132 | D:4      | Bought a scroll of acquirement for 624 gold pieces
 12133 | D:4      | Acquired 744 gold pieces
 12196 | D:6      | Bought a book of Blasting for 416 gold pieces
 12196 | D:6      | Bought an Everburning Encyclopedia for 338 gold pieces
 12391 | D:10     | Entered Level 10 of the Dungeon
 12659 | D:10     | Noticed Fannar
 12711 | D:10     | Noticed a brown ugly thing
 12713 | D:10     | Found a staircase to the Orcish Mines.
 12980 | D:10     | Killed a brown ugly thing
 12997 | D:10     | Noticed a two-headed ogre
 13013 | D:10     | Killed a two-headed ogre
 13013 | D:10     | Reached **** piety under Sif Muna
 13535 | D:10     | Killed Fannar
 14079 | Orc:1    | Entered Level 1 of the Orcish Mines
 14085 | Orc:1    | Noticed a two-headed ogre
 14181 | Orc:1    | Learned a level 4 spell: Iskenderun's Mystic Blast
 14197 | Orc:1    | Killed a two-headed ogre
 14198 | Orc:1    | Reached skill level 5 in Throwing
 14647 | Orc:1    | Found a runed translucent door.
 14658 | Orc:1    | Noticed an ettin
 14715 | Orc:1    | Killed an ettin
 14882 | Orc:1    | Noticed Wobius's ghost (journeyman DgAE)
 14954 | Orc:1    | Killed Wobius's ghost
 14955 | Orc:1    | Reached skill level 8 in Conjurations
 14955 | Orc:1    | Reached XP level 12. HP: 21/70 MP: 2/25
 15326 | Orc:1    | Gained mutation: You possess an exceptional clarity of
                  | mind. [potion of mutation]
 15326 | Orc:1    | Gained mutation: You are dopey. (Int -2) [potion of
                  | mutation]
 15326 | Orc:1    | Gained mutation: You are frail. (-10% HP) [potion of
                  | mutation]
 15343 | Orc:2    | Entered Level 2 of the Orcish Mines
 15343 | Orc:2    | Noticed an ogre mage
 15343 | Orc:2    | Noticed a two-headed ogre
 15343 | Orc:2    | Noticed a two-headed ogre
 15347 | Orc:2    | Noticed an orc high priest
 15352 | Orc:1    | Reached skill level 1 in Evocations
 15354 | Orc:1    | Reached skill level 1 in Translocations
 15395 | Orc:2    | Noticed an ettin
 15552 | Orc:1    | Reached skill level 9 in Conjurations
 15552 | Orc:1    | Reached skill level 5 in Translocations
 15552 | Orc:1    | Reached XP level 13. HP: 66/66 MP: 26/26
 15663 | D:11     | Reached skill level 10 in Conjurations
 16504 | D:11     | Found a staircase to the Lair.
 16533 | D:11     | Reached skill level 10 in Spellcasting
 16995 | Lair:1   | Entered Level 1 of the Lair of Beasts
 17010 | Lair:1   | Reached ***** piety under Sif Muna
 17208 | Lair:1   | Found a transporter.
 17209 | Lair:1   | Noticed Zuwoupta's ghost (journeyman HuAr)
 17211 | Lair:1   | Found a transporter.
 18295 | Lair:2   | Learned a level 4 spell: Sticky Flame
 19023 | Lair:2   | Reached skill level 11 in Conjurations
 19041 | Lair:2   | Received a gift from Sif Muna
 19046 | Lair:2   | Got Kiett's Catalogue of Weightlessness and Snow {god gift}
 19945 | Lair:3   | Reached XP level 14. HP: 72/72 MP: 27/28
 20349 | Lair:3   | Reached skill level 10 in Fire Magic
 20822 | Lair:3   | Found a hole to the Spider Nest.
 21116 | Lair:3   | Found a staircase to the Swamp.
 22742 | D:6      | Bought a +1 buckler of cold resistance for 181 gold pieces
 23382 | Lair:5   | Received a gift from Sif Muna
 23386 | Lair:5   | Reached skill level 5 in Dodging
 23483 | Lair:5   | Got Sif Muna's Papyrus of Toxic Dark Secrets {god gift}
 23696 | Lair:5   | Found a staircase to the Slime Pits.
 24505 | Lair:5   | Found the +10 tower shield of Ignorance {rN+ Int-4}
 24631 | Lair:6   | Entered Level 6 of the Lair of Beasts
 24873 | Lair:6   | Reached skill level 12 in Conjurations
 25248 | Lair:6   | Learned a level 3 spell: Mephitic Cloud
 25252 | Lair:6   | Learned a level 3 spell: Ignite Poison
 25474 | Lair:6   | Received a gift from Sif Muna
 25475 | Lair:6   | Got Sif Muna's Tome of Ensnaring Black Rites {god gift}
 25803 | Lair:6   | Reached XP level 15. HP: 61/79 MP: 12/31
 26182 | Lair:6   | Noticed Sonja
 26194 | Lair:6   | Killed Sonja
 27678 | Lair:6   | Found a corrupted altar of Lugonu.
 27681 | Lair:6   | Found a one-way gate to the infinite horrors of the Abyss.
 28008 | Swamp:1  | Entered Level 1 of the Swamp
 28356 | Swamp:1  | Noticed a ghoul
 28356 | Swamp:1  | Noticed a ghoul
 28366 | Swamp:1  | Noticed a ghoul
 28369 | Swamp:1  | Killed a ghoul
 28375 | Swamp:1  | Killed a ghoul
 28379 | Swamp:1  | Killed a ghoul
 28886 | Swamp:1  | Reached skill level 13 in Conjurations
 29318 | Swamp:2  | Noticed a tentacled monstrosity
 29472 | Spider:1 | Entered Level 1 of the Spider Nest
 29513 | Spider:1 | Received a gift from Sif Muna
 29518 | Spider:1 | Noticed Jorgrun
 29527 | Spider:1 | Reached skill level 1 in Poison Magic
 29536 | Spider:1 | Killed Jorgrun
 29537 | Spider:1 | HP: 5/118 [demonic crawler (9)]
 29540 | Spider:1 | Reached XP level 16. HP: 7/83 MP: 10/33
 29543 | Spider:1 | HP: 6/124 [entropy weaver (10)]
 29574 | Spider:1 | Noticed Azrael
 29583 | Spider:1 | Noticed Donald
 29610 | Spider:1 | Killed Donald
 29881 | Spider:1 | Killed Azrael
 30117 | Spider:1 | Got Buudapt's Papyrus of Fire and the Birds {god gift}
 30127 | Spider:1 | Learned a level 7 spell: Orb of Destruction
 31288 | Orc:1    | Reached skill level 14 in Conjurations
 31447 | Orc:2    | Received a gift from Sif Muna
 31835 | Orc:2    | Noticed Rupert
 31840 | Orc:2    | Killed Rupert
 32153 | Orc:2    | Found a staircase to the Elven Halls.
 32330 | Orc:2    | Reached skill level 1 in Air Magic
 33245 | Orc:2    | Received a gift from Sif Muna
 33246 | Orc:2    | Got Ximypt's Compendium of Damaging Sinister Magic {god
                  | gift}
 33929 | Orc:2    | Found Raorol's Jewellery Boutique.
 33930 | Orc:2    | Found Xuutaah's Antique Weapon Boutique.
 33930 | Orc:2    | Found Botzim's General Store.
 33931 | Orc:2    | Found Ucwics's General Store.
 33937 | Orc:2    | Bought the ring "Etomilif" {*Slow AC+4 Int+7} for 833 gold
                  | pieces
 33937 | Orc:2    | Bought the ring of Posiuh {rF++ rC+ Int+3 Dex+2} for 960
                  | gold pieces
 36055 | D:13     | Reached skill level 15 in Conjurations
 36319 | D:13     | Reached XP level 17. HP: 89/89 MP: 27/35
 36747 | D:14     | Received a gift from Sif Muna
 36758 | D:14     | Found a runed translucent door.
 36794 | D:14     | Noticed a lich
 36818 | D:14     | Noticed Gargoyl's ghost (adept GnAK)
 37020 | D:14     | Got Sif Muna's Catalogue of Execration and Flames {god
                  | gift}
 37043 | D:14     | Found a gate to the Vaults.
 37189 | D:14     | Reached skill level 15 in Spellcasting
 37260 | D:14     | Noticed Nessos
 37266 | D:14     | Reached skill level 1 in Staves
 37268 | D:14     | Killed Nessos
 37457 | D:14     | Found a runed translucent door.
 37836 | D:14     | Killed a lich
 38099 | D:14     | Killed Gargoyl's ghost
 38600 | D:14     | Reached skill level 16 in Conjurations
 38789 | D:15     | Entered Level 15 of the Dungeon
 40183 | D:15     | Found a staircase to the Depths.
 40525 | Orc:2    | Bought a crystal flail for 238 gold pieces
 40525 | Orc:2    | Identified the +6 flail "Dragonbane" {drain, rC+ Stlth+}
                  | (You bought it in a shop on level 2 of the Orcish Mines)
 40974 | Spider:2 | Noticed Louise
 40976 | Spider:2 | Received a gift from Sif Muna
 41359 | Spider:2 | Got Sif Muna's Papyrus of Displaced Evil Rites {god gift}
 41374 | Spider:2 | Killed Louise
 41879 | Spider:2 | Identified Roxanne's Volume of Transformation
 41879 | Spider:2 | Noticed Roxanne
 41893 | Spider:2 | Killed Roxanne
 42100 | Spider:2 | Noticed Arachne
 42117 | Spider:2 | Killed Arachne
 42118 | Spider:2 | Reached XP level 18. HP: 27/95 MP: 14/37
 42809 | Spider:3 | Reached skill level 17 in Conjurations
 43610 | Spider:3 | Identified the +6 quarterstaff of the Philosopher {venom,
                  | Dex+2 SInv}
 43706 | Spider:4 | Entered Level 4 of the Spider Nest
 43761 | Spider:3 | Upgraded the game from 0.28-a0-991-g956f0ee3d5 to
                  | 0.28-a0-998-gb9e9c7b67e
 44135 | Spider:4 | Received a gift from Sif Muna
 44245 | Spider:3 | Learned a level 6 spell: Starburst
 45993 | Spider:4 | Got a gossamer rune of Zot
 46460 | Lair:1   | Learned a level 8 spell: Ignition
 46619 | Orc:2    | Bought a ring of wizardry for 480 gold pieces
 46900 | Swamp:2  | Noticed a tentacled monstrosity
 47096 | Swamp:2  | Killed a tentacled monstrosity
 47216 | Swamp:2  | Killed a tentacled monstrosity
 47479 | Swamp:2  | Received a gift from Sif Muna
 47480 | Swamp:2  | Got Qaerais's Grimoire of Quantum Flight {god gift}
 47484 | Swamp:2  | Learned a level 2 spell: Blink
 47742 | Swamp:2  | Noticed Aizul
 47805 | Swamp:2  | Killed Aizul
 49267 | Swamp:3  | Identified the +2 scale mail of Grottiness {rElec Slay+2}
 49351 | Swamp:4  | Entered Level 4 of the Swamp
 49523 | Swamp:4  | Reached XP level 19. HP: 98/99 MP: 28/39
 51166 | Swamp:4  | Got a decaying rune of Zot
 51463 | Elf:1    | Entered Level 1 of the Elven Halls
 51495 | Elf:1    | Paralysed by an air elemental for 1 turns
 51663 | Elf:1    | Reached skill level 15 in Fire Magic
 51671 | Elf:1    | Reached skill level 18 in Conjurations
 51946 | Elf:1    | Received a gift from Sif Muna
 52097 | Elf:1    | Got Sif Muna's Disquisition on Ensnaring Black Rites {god
                  | gift}
 52366 | Elf:1    | Paralysed by an air elemental for 1 turns
 52872 | Elf:1    | Lost mutation: You are dopey. (Int -2) [potion of mutation]
 52872 | Elf:1    | Lost mutation: You possess an exceptional clarity of mind.
                  | [potion of mutation]
 52872 | Elf:1    | Gained mutation: You have a beak for a mouth. [potion of
                  | mutation]
 52872 | Elf:1    | Gained mutation: Your flesh is cold resistant. (rC+)
                  | [potion of mutation]
 52873 | Elf:1    | Lost mutation: You are frail. (-10% HP) [potion of
                  | mutation]
 52873 | Elf:1    | Gained mutation: You are somewhat resistant to further
                  | mutation. [potion of mutation]
 52873 | Elf:1    | Gained mutation: Your mind is acute. (Int +2) [potion of
                  | mutation]
 53454 | Elf:1    | Got the Tome of Conjuration
 53758 | Elf:2    | Cast into level 2 of the Abyss (a deep elf demonologist)
 53761 | Abyss:2  | Found a corrupted altar of Lugonu.
 54230 | Abyss:2  | Gained mutation: You expend magic power (3 MP) to
                  | strengthen your wands. [a neqoxec]
 54411 | Elf:2    | Escaped the Abyss
 55093 | Elf:2    | Found a runed translucent gate.
 55093 | Elf:2    | Found a runed translucent gate.
 55093 | Elf:2    | Found a runed translucent gate.
 55319 | Elf:2    | Reached XP level 20. HP: 117/117 MP: 42/42
 55850 | Elf:2    | Received a gift from Sif Muna
 55851 | Elf:2    | Got Vacilics's Tome of Excruciating Earth {god gift}
 56537 | Elf:3    | Entered Level 3 of the Elven Halls
 56690 | Elf:3    | Reached skill level 19 in Conjurations
 56741 | Elf:3    | Gained mutation: Your magical capacity is low. (-10% MP)
                  | [mutagenic glow]
 56765 | Elf:3    | Gained mutation: Your body sometimes deteriorates upon
                  | taking damage. [mutagenic glow]
 57673 | Elf:3    | Noticed Dwachs's ghost (adept KoBe)
 57691 | Elf:3    | Found a runed translucent gate.
 57691 | Elf:3    | Found a runed translucent gate.
 57691 | Elf:3    | Found a runed translucent gate.
 57745 | Elf:3    | Identified the ring of Nafajal {rN+ AC+4 Int+3 Dex-2}
 58165 | Elf:3    | Identified the amulet of Joyfo {Acrobat rPois rC+}
 58169 | Elf:3    | Identified the +1 robe of Hadjma {Contam rC+++ rN++
                  | Archmagi}
 58172 | Elf:3    | Identified the ring "Jeskaemi" {+Blink rCorr Int+7 Dex+3}
 58404 | Elf:3    | Learned a level 9 spell: Fire Storm
 58647 | Elf:3    | Identified the -4 kite shield of Sesmoali {Int+3}
 58657 | Elf:3    | Identified the ring "Konuutun" {Wiz *Slow Str+3 Int+4}
 58666 | Elf:3    | Identified the +10 chain mail of Foolhardiness {Rampage
                  | Will+}
 58872 | Elf:3    | Killed Dwachs's ghost
 59354 | Depths:1 | Entered Level 1 of the Depths
 59359 | Depths:1 | Received a gift from Sif Muna
 59368 | Depths:1 | Got Sif Muna's Incunabulum of the Congealing Oath {god
                  | gift}
 59664 | Depths:1 | Reached XP level 21. HP: 122/122 MP: 33/39
 59911 | Depths:1 | Noticed Bai Suzhen
 60147 | Depths:1 | Found a gateway to Hell.
 60198 | Depths:1 | Killed Bai Suzhen
 60330 | Depths:1 | Found Naczoan's Weapon Emporium.
 60768 | Depths:1 | Found a shimmering altar of Xom.
 61523 | Depths:2 | Found a runed translucent gate.
 61524 | Depths:2 | Found a runed translucent gate.
 61525 | Depths:2 | Found a runed translucent gate.
 61527 | Depths:2 | Noticed Yhininesh's ghost (adept GnFi)
 61801 | Depths:2 | Reached skill level 20 in Conjurations
 62166 | Depths:2 | Acquired the +2 hat of the Known World {rF- Int+6}
 62578 | Depths:2 | Found a one-way gate leading to the halls of Pandemonium.
 63667 | Depths:2 | Identified the +2 pair of gloves of Wrong Decisions
                  | {Rampage *Corrode Will+ Int+7 Slay+3}
 63668 | Depths:2 | Identified the +0 hat of Untruth {rC+}
 63728 | Depths:2 | Killed Yhininesh's ghost
 63879 | Depths:3 | Noticed a golden dragon
 63882 | Depths:3 | Killed a golden dragon
 63886 | Depths:3 | Received a gift from Sif Muna
 63887 | Depths:3 | Got Sif Muna's Guide on the Flamy Glacier {god gift}
 64943 | Depths:3 | Noticed Frederick
 64947 | Depths:3 | Killed Frederick
 65290 | Depths:3 | Reached skill level 21 in Conjurations
 65333 | Depths:3 | Reached XP level 22. HP: 128/128 MP: 33/41
 66466 | Depths:4 | Entered Level 4 of the Depths
 66834 | Depths:4 | Received a gift from Sif Muna
 67070 | Depths:4 | Found a gate to the Realm of Zot.
 67527 | Depths:4 | Found Sadigoe's Distillery.
 67533 | Depths:4 | Bought a potion of curing for 72 gold pieces
 67533 | Depths:4 | Bought 2 potions of mutation for 384 gold pieces
 67535 | Depths:4 | Lost mutation: Your body sometimes deteriorates upon taking
                  | damage. [potion of mutation]
 67613 | Depths:4 | Found Cegil's Distillery.
 67625 | Depths:4 | Bought a potion of haste for 150 gold pieces
 68174 | Depths:4 | Found a gateway to a ziggurat.
 68562 | Depths:4 | Learned a level 6 spell: Iron Shot
 68918 | Slime:1  | Entered Level 1 of the Pits of Slime
 69113 | Slime:1  | Reached skill level 1 in Earth Magic
 69412 | Slime:1  | Found a viscous altar of Jiyva.
 69782 | Slime:2  | Reached ****** piety under Sif Muna
 69782 | Slime:2  | Received a gift from Sif Muna
 69786 | Slime:2  | Got Sif Muna's Disquisition on Excruciating Creation {god
                  | gift}
 70778 | Slime:2  | Received a gift from Sif Muna
 70779 | Slime:2  | Got Sif Muna's Reference Book on Shifting Earth {god gift}
 71499 | Slime:4  | Reached skill level 22 in Conjurations
 71511 | Slime:4  | Reached XP level 23. HP: 111/133 MP: 24/42
 71902 | Slime:5  | Entered Level 5 of the Pits of Slime
 71913 | Slime:5  | Noticed the Royal Jelly
 72430 | Slime:5  | Killed the Royal Jelly
 73173 | Slime:5  | Identified the quicksilver dragon scales "Kymizi Vulaf"
                  | {rC+ Will+ Regen+}
 73175 | Slime:5  | Got a slimy rune of Zot
 73182 | Slime:5  | Identified the +2 rapier of Triumph {vorpal, rC+}
 73191 | Slime:5  | Identified the +3 chain mail of the Six Nightingales {MP+9
                  | Stlth+}
 73213 | Slime:5  | Identified the +4 eveningstar of Rigawae {venom, *Corrode
                  | rC+ Dex+5}
 73276 | Slime:5  | Identified the amulet "Ehauzeca" {Reflect rElec rN+ Str+4
                  | SH+5}
 73302 | Slime:5  | Identified the +6 war axe of the Globe {vorpal, Dex+6}
 73881 | Vaults:1 | Entered Level 1 of the Vaults
 74134 | Vaults:1 | Received a gift from Sif Muna
 74135 | Vaults:1 | Got Sif Muna's Disquisition on Moulding {god gift}
 74479 | Vaults:1 | Acquired 1218 gold pieces
 75495 | Vaults:1 | Reached skill level 5 in Earth Magic
 75870 | Vaults:1 | Found Hoyl's Weapon Shop.
 75889 | Vaults:1 | Received a gift from Sif Muna
 75897 | Vaults:1 | Got Sif Muna's Incunabulum of Slavery {god gift}
 75913 | Vaults:1 | Learned a level 8 spell: Disjunction
 75984 | Vaults:1 | Upgraded the game from 0.28-a0-998-gb9e9c7b67e to
                  | 0.28-a0-1032-ga8db75c868
 77366 | Vaults:2 | Found a staircase to the Crypt.
 77462 | Vaults:2 | Reached XP level 24. HP: 139/139 MP: 19/43
 77681 | Vaults:2 | Reached skill level 10 in Stealth
 78498 | Vaults:2 | Found a portal to a secret trove of treasure.
 78506 | Vaults:2 | You paid a toll of 5 scrolls of fog to enter a treasure
                  | trove
 78507 | Trove    | Entered a treasure trove
 78519 | Trove    | Identified the ring "Sutz" {Fly rCorr Int+2 Stlth+}
 78523 | Trove    | Identified the ring of Wonder {Int+6 Dex+2}
 78525 | Trove    | Identified the +0 kite shield "Cukiaq" {Regen+}
 78531 | Trove    | Identified the +2 hat of a bazaar {Will+ rCorr}
 78973 | Vaults:2 | Received a gift from Sif Muna
 78978 | Vaults:2 | Got Naoluo Enti's Collected Works on the Creative Traveller
                  | {god gift}
 79657 | Vaults:3 | Reached skill level 23 in Conjurations
 80416 | Vaults:3 | Found Pyevaef's Antique Weapon Shop.
 81022 | Vaults:5 | Entered Level 5 of the Vaults
 81023 | Vaults:5 | Received a gift from Sif Muna
 81024 | Vaults:5 | Reached skill level 5 in Fighting
 81027 | Vaults:5 | Got Sif Muna's Reference Book on Frigorific Calling {god
                  | gift}
 81610 | Vaults:4 | Found Cyquama's Weapon Shoppe.
 81795 | Vaults:4 | Noticed Margery
 81799 | Vaults:4 | Killed Margery
 81800 | Vaults:4 | Reached XP level 25. HP: 134/144 MP: 26/43
 82011 | Vaults:4 | Noticed Saint Roka
 82014 | Vaults:4 | Killed Saint Roka
 82962 | Vaults:5 | Reached skill level 10 in Translocations
 82995 | Vaults:5 | Noticed a dread lich
 83002 | Vaults:5 | Killed a dread lich
 83771 | Vaults:5 | Identified the +1 scale mail "Daarag" {-Cast Harm rN+++
                  | Dex+5}
 83775 | Vaults:5 | Received a gift from Sif Muna
 83954 | Vaults:5 | Identified the +5 dire flail of Irrepressible Laughter
                  | {pain, rElec Will+ SInv}
 83987 | Vaults:5 | Identified the ring "Noifoj" {Fly rElec Will+ rCorr Stlth-}
 84167 | Vaults:5 | Identified the +10 spear of Panud Irhol {elec, Drain rF+
                  | Int+3}
 84217 | Vaults:5 | Identified the +0 buckler of the Sun {Str+5}
 84457 | Vaults:5 | Noticed a dread lich
 84463 | Vaults:5 | Killed a dread lich
 84749 | Vaults:5 | Identified the +1 leather armour "Fagheivu" {Rampage
                  | Will+++ Int+2 Dex-4}
 84791 | Vaults:5 | Reached skill level 24 in Conjurations
 85339 | Vaults:5 | Got a silver rune of Zot
 85653 | Vaults:5 | Noticed a dread lich
 85659 | Vaults:5 | Paralysed by a dread lich for 3 turns
 85660 | Vaults:5 | Killed a dread lich
 85661 | Vaults:5 | Reached XP level 26. HP: 144/151 MP: 24/43
 86373 | Crypt:1  | Entered Level 1 of the Crypt
 86540 | Crypt:1  | Received a gift from Sif Muna
 86547 | Crypt:1  | Got Sif Muna's Collected Works on Fiery Stolen Souls {god
                  | gift}
 87250 | Crypt:1  | Noticed Mara
 87254 | Crypt:1  | Killed Mara
 87255 | Crypt:1  | Reached skill level 5 in Ice Magic
 88482 | Crypt:2  | Reached skill level 10 in Shields
 88962 | Crypt:2  | Received a gift from Sif Muna
 88963 | Crypt:2  | Got Sif Muna's Grimoire of Greatest Risks and Utility {god
                  | gift}
 89538 | Crypt:3  | Entered Level 3 of the Crypt
 89663 | Crypt:3  | Noticed Sojobo
 89667 | Crypt:3  | Killed Sojobo
 90105 | Crypt:3  | Found a basalt altar of Yredelemnul.
 90349 | Crypt:3  | Identified the +3 scale mail "Jeprax" {rF+ rC- rCorr Int+5}
 90884 | Crypt:3  | Received a gift from Sif Muna
 90885 | Crypt:3  | Got Edwa's Compendium of Floating Combat Magic {god gift}
 91144 | Crypt:3  | Identified the +5 mace of Viuluto {venom, rCorr Int-5
                  | Dex+4}
 91146 | Crypt:3  | Identified the +5 great mace of Korysif {holy, rC+ Will+}
 91350 | Crypt:3  | Found a staircase to the Tomb.
 91350 | Crypt:3  | Noticed an ancient lich
 91354 | Crypt:3  | Killed an ancient lich
 91511 | Crypt:3  | Identified the +4 leather armour of the New World {+Blink
                  | rF+ Stlth+}
 91512 | Crypt:3  | Identified the +0 plate armour of Umeach {*Slow rF+ Regen+
                  | rCorr Int+4}
 91990 | Tomb:1   | Entered Level 1 of the Tomb of the Ancients
 91990 | Tomb:1   | Noticed Jory
 91997 | Tomb:1   | Killed Jory
 91998 | Tomb:1   | Reached XP level 27. HP: 156/156 MP: 19/44
 92747 | Tomb:1   | Received a gift from Sif Muna
 92747 | Tomb:1   | Noticed a royal mummy
 92750 | Tomb:1   | Killed a royal mummy
 92759 | Tomb:1   | Noticed a royal mummy
 93342 | Tomb:1   | Noticed a royal mummy
 93347 | Tomb:1   | Killed a royal mummy
 93348 | Tomb:1   | Reached skill level 10 in Ice Magic
 93528 | Tomb:1   | Killed a royal mummy
 94306 | Tomb:2   | Noticed a royal mummy
 94308 | Tomb:2   | Noticed a royal mummy
 94308 | Tomb:2   | Noticed a royal mummy
 94309 | Tomb:2   | Killed a royal mummy
 94309 | Tomb:2   | Noticed a royal mummy
 94311 | Tomb:2   | Noticed a royal mummy
 94313 | Tomb:2   | Demolished by a death scarab

Illustrated notes

Levels and vault maps discovered:
D:1:      onia_arrival_pentagram, layout_basic,
          hellmonk_ecumenical_altar_leap_of_faith
D:2:      layout_basic, basic_altar, chequers_big_river, grunt_ministairs_10,
          st_stairs_6, roderic_nine_men_s_morris
D:3:      layout_loops_corners, ashenzari_conservatory_becter
D:4:      layout_loops_ring, lemuel_coloured_pillars_altar,
          serial_bayou_lagoon_a, nicolae_specific_store
D:5:      layout_loops_ring, kennysheep_little_box,
          nicolae_qazlal_scattered_showers
D:6:      layout_loops_cross, serial_shops, nicolae_shop_crystal,
          nicolae_shop_stone, shop, shop, ebering_ghost_rock_garden
D:7:      layout_layer_cave, overflow_temple_1_default, elyvilon_altar_1,
          minmay_temple_entry_junction, serial_co_window_serial,
          co_window_of_opportunity_a, co_window_of_opportunity_a,
          co_window_of_opportunity_a, co_window_cross_1, co_window_corner_a,
          co_window_corner_a, co_window_paths_a, co_window_cross_2,
          co_window_corner_cb, co_window_cross_4, co_window_paths_e,
          co_window_4corner_b, uniq_pikel, uniq_joseph
D:8:      layout_cave_pools, lightli_temple_of_fire, okawaru_altar_gauntlet_db,
          enter_ossuary_4, minmay_fountain_box
D:9:      kennysheep_ambush_hall, layout_loops_cross, lightli_corner_chamber
D:10:     cheibrodos_steamvent, layout_basic, david_orc_3, uniq_fannar
D:11:     layout_cave_pools, erik_lair_orcish_takeover, nicolae_water_bricks,
          hangedman_incinerator
D:12:     lemuel_ogre_cave, layout_long_grid
D:13:     layout_gridville, hive_lemuel
D:14:     layout_roguey, grunt_vaults_entry_tiered, minmay_misc_feat_doors,
          muffindrake_ghost_dual_entry, uniq_nessos
D:15:     hangedman_depths_entry_civil_slaughter, layout_rooms,
          palyth_stone_intersect
Lair:1:   layout_gridlike, gammafunk_ghost_arena
Lair:2:   layout_cave_pods, fungi_pond_lemuel, eino_house_with_fridge
Lair:3:   layout_regular_city, nicolae_swamp_entry_splash_gauntlet,
          nicolae_spider_entry_non_spiders, portal_ice_cave_entry_ice_simulacra,
          chequers_serial_rivers_room_b, grunt_megastairs_2,
          infiniplex_staircase_pool
Lair:4:   lemuel_reptile_caves, layout_cellular_growth
Lair:5:   minmay_lair_oklob_tunnel, layout_long_grid,
          nicolae_slime_entry_slimehenge
Lair:6:   hellmonk_lair_end_abyssal_woods, layout_regular_city, disabler_island,
          serial_bayou_shore_a, lemuel_fruit_fields, uniq_sonja
Swamp:1:  layout_basic_swamp, nicolae_swamp_triple_paths, swamp_pool4
Swamp:2:  cheibrodos_swamp_monstrosity, layout_falls_marsh,
          evilmike_swamp_ruin_house_5, uniq_aizul
Swamp:3:  layout_basic_swamp, evilmike_swamp_ruin_house_3
Swamp:4:  swamp_icy, layout_basic_swamp
Spider:1: layout_spider_delve, uniq_jorgrun, uniq_azrael, uniq_donald
Spider:2: layout_spider_delve, uniq_roxanne, uniq_louise, uniq_arachne
Spider:3: layout_spider_delve, hangedman_spider_tarantella_strand
Spider:4: grunt_spider_rune_circles
Slime:1:  layout_caves, basic_altar, cheibrodos_slime_lost_civilization_5
Slime:2:  layout_caves, cheibrodos_slime_lost_civilization_7
Slime:3:  layout_caves
Slime:4:  layout_caves
Slime:5
Orc:1:    layout_caves, ebering_ghost_reflecting_pool
Orc:2:    st_orc_pillars, layout_diamond_mine, uniq_rupert
Elf:1:    kennysheep_room_grid, layout_geoelf_octagon, minmay_elf_annihilation
Elf:2:    elven_hall_of_blades_hangedman_original [nicolae_blade_lattice],
          layout_gridlike, lemuel_elevator
Elf:3:    elf_hall, layout_gridlike, special_room [special_room_orc],
          gammafunk_ghost_split, drop_trap
Vaults:1: vaults_standard_mumra_lines, ontoclasm_vaults_decontamination,
          nicolae_vaults_network_star, hangedman_vaults_pinch,
          nicolae_vaults_three_branches, ontoclasm_vaults_twist,
          dpeg_vaults_monster_box, serial_ice_b, v_rooms_2, vaults_room_pools,
          layout_vaults_chaotic_city
Vaults:2: v_misc_25, nicolae_vaults_what_the_h, v_rooms_3,
          minmay_crypt_entry_simple_corners, vaults_room_boxed,
          nicolae_vaults_halls_meeting, nicolae_vaults_circle_grid_b,
          grunt_vaults_funnel, hangedman_vaults_capsules, vaults_mumra_hex,
          ontoclasm_vaults_loading_screen, layout_vaults_big_cross,
          enter_trove_2
Vaults:3: v_misc_18, hangedman_vaults_stagger, v_rooms_6, vaults_dpeg_diagonal,
          v_misc_12, vaults_room_corners, hangedman_vaults_corner,
          vaults_room_door_ring, vaults_dpeg_cross,
          hangedman_vaults_corner_blocks, nicolae_vaults_theta,
          nicolae_vaults_little_squares_6, ontoclasm_vaults_shuriken,
          grunt_vaults_hallway_short, layout_vaults_ring, serial_shops,
          nicolae_shop_trees
Vaults:4: nicolae_vaults_little_squares_6, nicolae_vaults_little_squares_6,
          nicolae_vaults_diagonal_hallway_8, grunt_vaults_focal,
          v_alt_pattern_3, vaults_room_corners, serial_ice_b,
          layout_vaults_quadrants, serial_shops,
          nicolae_shop_bloodbath_and_beyond, uniq_saint_roka, uniq_margery
Vaults:5: serial_shops
Crypt:1:  layout_basic, nicolae_crypt_twisting_catacombs,
          amcnicky_mini_pool_small, uniq_mara
Crypt:2:  layout_rooms, grunt_ministairs_6, st_stairs_5, glass_columns_c,
          lemuel_upstairs_altar, grunt_megastairs_3
Crypt:3:  grunt_crypt_end_deaths_head, uniq_sojobo
Tomb:1:   uniq_jory
Tomb:2
Depths:1: layout_gridlike, basic_altar, serial_shops, shop_statue,
          pf_coc_iceberg, grunt_ministairs_9, minmay_misc_feat_diagonals,
          drop_trap, kennysheep_diamond, solitary_fountain,
          hangedman_decor_clover_reticule, uniq_bai_suzhen
Depths:2: evilmike_cross, layout_gridlike, grunt_pan_entry_sceptre,
          minmay_misc_feat_chi, gammafunk_ghost_tricky_traps,
          marbit_kobold_abyss_entry, hell_entry, nrook_kobold_shadow_demons
Depths:3: minmay_bad_star, layout_gridville, abyss_entry_small_statue_room,
          chequers_serial_rivers_small_a, grunt_mini_vestibule,
          infiniplex_staircase_split_hallway, uniq_frederick
Depths:4: grunt_zot_entry_tricorne, layout_honeycomb, enter_ziggurat_a,
          hell_entry, abyss_entry_crystal, serial_shops, shop,
          nicolae_square_shop

Skill      XL: |  1  2  3  4  5  6  7  8  9 10 11 12 13 14 15 16 17 18 19 20 21 22 23 24 25 26 27 |
---------------+----------------------------------------------------------------------------------+-----
Shields        | 1 2 3 4 5 6 7 9 11 | 11.8
Stealth        | 3 4 6 7 8 9 10 | 10.3
Fire Magic     | 4 5 6 7 8 9 11 12 13 14 16 17 18 19 20 21 22 23 | 23.0
Spellcasting   | 3 4 6 7 9 10 12 13 14 15 16 18 19 20 21 22 | 22.8
Conjurations   | 2 3 4 5 6 8 9 11 12 13 15 16 17 18 19 21 22 23 24 | 24.7
Short Blades   | 2 3 4 |  4.7
Fighting       | 1 2 3 4 5 |  5.5
Dodging        | 3 4 5 6 7 |  7.5
Invocations    | 4 5 6 7 8 |  8.6
Hexes          | 1 3 4 |  4.5
Throwing       | 2 5 |  5.0
Ice Magic      | 1 2 3 9 10 | 10.7
Evocations     | 1 |  1.5
Translocations | 5 6 7 8 9 10 11 | 11.1
Poison Magic   | 1 2 |  2.6
Air Magic      | 1 2 |  2.0
Staves         | 1 2 3 |  3.0
Earth Magic    | 3 5 7 8 9 |  9.0
Transmutations | |  0.5

Action                   |  1- 3 |  4- 6 |  7- 9 | 10-12 | 13-15 | 16-18 | 19-21 | 22-24 | 25-27 || total
-------------------------+-------+-------+-------+-------+-------+-------+-------+-------+-------++-------
Melee: Unarmed           |     3 |       |       |       |       |       |       |       |       ||     3
       Dagger            |     3 |    41 |    42 |     2 |       |       |       |       |       ||    88
       Constrict         |     2 |    11 |     6 |     6 |    22 |    23 |     9 |     2 |    22 ||   103
       Tentacles         |     1 |     9 |     5 |     6 |    34 |    24 |     7 |    21 |    42 ||   149
       Short sword       |       |       |       |    58 |   151 |    43 |       |       |       ||   252
       Staff             |       |       |       |       |       |    46 |    43 |    79 |   142 ||   310
       Quarterstaff      |       |       |       |       |       |     2 |       |       |       ||     2
       Peck              |       |       |       |       |       |       |     8 |    22 |    49 ||    79
Throw: Dart              |       |     1 |       |     4 |     5 |       |       |     1 |       ||    11
 Cast: Foxfire           |    54 |   123 |   153 |   329 |   634 |   353 |    24 |    58 |    12 ||  1740
       Conjure Flame     |       |     1 |     2 |     9 |       |     3 |       |       |       ||    15
       Flame Wave        |       |       |     6 |    32 |    60 |    32 |     2 |       |       ||   132
       Scorch            |       |       |     8 |    20 |    43 |    12 |     4 |       |       ||    87
       Inner Flame       |       |       |     4 |    11 |    57 |    38 |     4 |       |       ||   114
       Fireball          |       |       |       |    13 |    94 |   191 |   191 |   112 |    64 ||   665
       Iskenderun's Myst |       |       |       |    19 |    77 |   159 |    71 |    83 |    47 ||   456
       Hailstorm         |       |       |       |     1 |    27 |    14 |    11 |     3 |       ||    56
       Sticky Flame      |       |       |       |       |     5 |     3 |       |       |       ||     8
       Mephitic Cloud    |       |       |       |       |    14 |    48 |     6 |     2 |     3 ||    73
       Orb of Destructio |       |       |       |       |       |   125 |   188 |    99 |    77 ||   489
       Blink             |       |       |       |       |       |     2 |     5 |     1 |     4 ||    12
       Ignite Poison     |       |       |       |       |       |     2 |       |       |       ||     2
       Ignition          |       |       |       |       |       |     1 |    26 |    58 |    18 ||   103
       Starburst         |       |       |       |       |       |     1 |     2 |     5 |     7 ||    15
       Fire Storm        |       |       |       |       |       |       |    22 |    75 |   134 ||   231
       Iron Shot         |       |       |       |       |       |       |       |     7 |    14 ||    21
       Disjunction       |       |       |       |       |       |       |       |       |     2 ||     2
Invok: Channel Magic     |       |       |       |     3 |     8 |     9 |     6 |    11 |    14 ||    51
Evoke: Wand              |       |       |       |     6 |     5 |     7 |     1 |     1 |       ||    20
       Condenser vane    |       |       |       |       |     1 |       |       |       |       ||     1
  Use: Scroll            |       |       |     5 |    18 |    17 |     8 |     5 |     5 |     8 ||    66
       Potion            |       |       |       |     7 |     8 |     4 |     6 |     5 |     7 ||    37
 Stab: Sleeping          |     2 |    10 |     9 |     9 |     7 |     3 |     1 |     1 |       ||    42
       Distracted        |       |       |       |     1 |     1 |     1 |       |       |     1 ||     4
       Confused          |       |       |       |       |       |     3 |     1 |       |       ||     4
Armor: Skin              |       |     4 |     5 |     6 |    21 |    29 |    12 |    27 |    32 ||   136
Dodge: Dodged            |     5 |    28 |    24 |   100 |   176 |   188 |    65 |    72 |    80 ||   738
Block: Buckler           |       |    10 |    20 |    39 |   120 |    96 |    42 |    55 |   136 ||   518
       Reflection        |       |       |       |       |       |       |       |    12 |     6 ||    18
       Tower shield      |       |       |       |       |       |       |       |     3 |       ||     3

Table legend: (Time is in decaauts)
 A = Elapsed time spent in this place.
 B = Non-inter-level travel time spent in this place.
 C = Inter-level travel time spent in this place.
 D = Time resting spent in this place.
 E = Time spent auto-exploring this place.
 F = Levels seen in this place.
 G = Mean time per level.
                   A        B        C        D        E       F      G
               +--------+--------+--------+--------+--------+-----+--------+
         Total |  94461 |  89810 |   4651 |  13651 |  56082 |  56 | 1686.8 |
       Dungeon |  22225 |  20556 |   1669 |   2592 |  13551 |  15 | 1481.7 |
          Lair |  11602 |  10348 |   1254 |    937 |   6893 |   6 | 1933.7 |
         Swamp |   5891 |   5785 |    106 |   1078 |   3493 |   4 | 1472.8 |
   Spider Nest |   7088 |   6905 |    183 |   2693 |   2803 |   4 | 1772.0 |
    Slime Pits |   4506 |   4348 |    158 |   1394 |   2191 |   5 |  901.2 |
  Orcish Mines |   4775 |   4279 |    496 |    843 |   2047 |   2 | 2387.5 |
   Elven Halls |   7090 |   6938 |    152 |    773 |   4771 |   3 | 2363.3 |
        Vaults |  12276 |  12143 |    133 |   1077 |   8400 |   5 | 2455.2 |
         Crypt |   5631 |   5545 |     86 |    531 |   3757 |   3 | 1877.0 |
          Tomb |   2339 |   2339 |      0 |    297 |   1295 |   2 | 1169.5 |
        Depths |   9591 |   9181 |    410 |   1316 |   6269 |   4 | 2397.8 |
         Abyss |    653 |    653 |      0 |    119 |    238 |   1 |  653.0 |
         Trove |     82 |     82 |      0 |      0 |      0 |   1 |   82.0 |
       Ossuary |    707 |    707 |      0 |      0 |    372 |   1 |  707.0 |
               +--------+--------+--------+--------+--------+-----+--------+

Top non-repeatable levels by time:
Vaults:5: 3208 daAuts
Depths:2: 3172 daAuts
  Lair:6: 3153 daAuts
    D:14: 2932 daAuts
Vaults:1: 2677 daAuts
Vaults:2: 2642 daAuts
   Elf:3: 2563 daAuts
   Orc:2: 2511 daAuts
Spider:1: 2479 daAuts
   Elf:1: 2465 daAuts
 Crypt:3: 2458 daAuts
  Tomb:1: 2329 daAuts
   Orc:1: 2263 daAuts
Depths:1: 2260 daAuts
Vaults:4: 2127 daAuts
